 Dungeon Crawl Stone Soup version 0.13-a0-2606-g170388b (webtiles) character file.

36790 JulietteNo the Eclecticist (level 13, -3/61 HPs)
             Began as a Spriggan Enchanter on Aug 3, 2013.
             Was a High Priest of Nemelex Xobeh.
             Killed from afar by an ice statue (21 damage)
             ... with a freezing blast
             ... in an ice cave on Aug 4, 2013.
             The game lasted 03:52:31 (28809 turns).

JulietteNo the Eclecticist (Spriggan Enchanter)    Turns: 28809, Time: 03:52:31

HP  -3/61        AC 13     Str 10      XL: 13   Next: 48%
MP  33/37        EV 20     Int 18      God: Nemelex Xobeh [*****.]
Gold 1237        SH  0     Dex 17      Spells: 12 memorised, 11 levels left

Res.Fire  : . . .   See Invis. : +   M - +3,+4 sling "Gotrore" {flame, Str+3}
Res.Cold  : . . .   Warding    : .   U - +0 mottled dragon armour
Life Prot.: . . .   Conserve   : +   (shield restricted)
Res.Poison: +       Res.Corr.  : .   g - +0 cap
Res.Elec. : .       Clarity    : .   i - +0 elf cloak {rPois} (curse)
Sust.Abil.: . .     Spirit.Shd : .   (gloves unavailable)
Res.Mut.  : .       Stasis     : .   (boots unavailable)
Res.Rott. : .       Flight     : .   V - amulet of conservation
Saprovore : . . .                    A - ring of teleport control
                                     y - +5 ring of protection

@: very quick, very resistant to hostile enchantments, extremely stealthy
A: unfitting armour, see invisible, herbivore 3, speed 3, slow metabolism 2
a: Draw One, Peek at Two, Triple Draw, Deal Four, Stack Five, Renounce Religion,
Evoke Teleport Control


You were in an ice cave.
You worshipped Nemelex Xobeh.
Nemelex Xobeh was exalted by your worship.
You were not hungry.

You visited 5 branches of the dungeon, and saw 21 of its levels.
You also visited: Ice Cave and Volcano.

You collected 1217 gold pieces.

Inventory:

Hand weapons
 e - a +1,+3 orcish dagger
 J - a +4,+4 dagger of holy wrath
 M - the +3,+4 sling "Gotrore" (weapon) {flame, Str+3}
   (You found it on level 7 of the Dungeon)

   It turns projectiles fired from it into bolts of flame.
   It affects your strength (+3).
Missiles
 o - 10 sling bullets (quivered)
Armour
 g - a +0 cap (worn)
 i - a cursed +0 elven cloak of poison resistance (worn)
 S - a +0 animal skin of fire resistance
 U - a +0 mottled dragon armour (worn)
Magical devices
 j - a wand of flame (6) {unknown}
 L - a wand of magic darts (2)
Comestibles
 b - 2 bread rations
Scrolls
 d - 3 scrolls of fear
 s - 3 scrolls of remove curse
 t - a scroll of holy word
 w - a scroll of magic mapping
 z - a scroll of curse jewellery {unknown}
 D - a scroll of random uselessness {unknown}
 E - a scroll of amnesia
 F - a scroll of curse weapon {unknown}
 O - a scroll of blinking
 Q - 3 scrolls of fog
Jewellery
 a - an uncursed ring of teleportation
 f - an uncursed ring of protection from fire
 y - a +5 ring of protection (left hand)
 A - a ring of teleport control (right hand)
 V - an amulet of conservation (around neck)
Potions
 n - a potion of brilliance
 p - 2 potions of restore abilities
 r - 5 potions of curing
 v - a potion of speed
 x - a potion of heal wounds
 B - a potion of magic
 G - 4 potions of might
 R - 3 potions of agility
 T - a potion of flight
 W - a potion of resistance
Books
 h - a book of Alchemy

   Spells                             Type                      Level
   *Lethal Infusion                   Charms/Necromancy            2
   Sublimation of Blood               Necromancy                   2
   Condensation Shield                Ice                          4
   Alistair's Intoxication            Transmutation/Poison         4
   Petrify                            Transmutation/Earth          4
   Ignite Poison                      Fire/Transmutation           5
Miscellaneous
 c - a plain deck of escape
 k - an ornate deck of destruction {drawn: 4}
 l - a legendary deck of destruction {drawn: 3}
 m - a plain deck of destruction
 q - a legendary deck of destruction
 u - an ornate deck of summonings
 C - a plain deck of summonings {drawn: 2}
 H - a legendary deck of escape
 I - a plain deck of escape {drawn: 3}
 N - a plain deck of summonings
 X - a plain deck of escape


   Skills:
 - Level 6.0 Fighting
 - Level 8.1 Short Blades
 - Level 8.0 Slings
 - Level 1.1 Throwing
 - Level 4.0 Armour
 * Level 8.1 Dodging
 - Level 10.0 Stealth
 - Level 17.0 Spellcasting
 - Level 11.0 Hexes
 - Level 5.0 Evocations


You had 11 spell levels left.
You knew the following spells:

 Your Spells              Type           Power        Failure   Level  Hunger
a - Apportation           Tloc           ###.......   4%          1    None
b - Sure Blade            Hex/Chrm       #####.....   1%          2    None
c - Confuse               Hex            ######..     1%          3    None
d - Mass Confusion        Hex            ######....   10%         6    #####..
e - Phase Shift           Tloc           ###.......   93%         5    ##.....
f - Flight                Chrm/Air       ###.......   14%         3    None
g - Corona                Hex            ######.      1%          1    None
h - Shroud of Golubria    Chrm/Tloc      ###.......   8%          2    None
i - Invisibility          Hex            ######..     10%         6    #####..
j - Blink                 Tloc           N/A          8%          2    None
k - Lethal Infusion       Chrm/Necr      ###.......   8%          2    None
s - Ensorcelled Hibernat  Hex/Ice        #####.       1%          2    None


Dungeon Overview and Level Annotations

Branches:
Dungeon (11/27)            Temple (1/1) D:5             Orc (2/4) D:11
   Lair (6/8) D:9           Swamp (0/5) Lair:4        Snake (1/5) Lair:4
  Slime: Lair:6-8

Altars:
Ashenzari
Cheibriados
Elyvilon
Fedhas
Kikubaaqudgha
Makhleb
Nemelex Xobeh
Okawaru
Sif Muna
Trog
Vehumet
Xom
Yredelemnul
Zin
the Shining One
Beogh

Shops:
Orc:1: (

Portals:
Trove: D:10 (give +6,+4 demon whip)

Annotations
D:9 exclusion: statue
Lair:6 exclusion: 3 oklob plants
Snake:1 Azrael IceCv exclusion: 2 ice statues


Innate Abilities, Weirdness & Mutations

You are tiny and cannot use many weapons and most armour.
You have supernaturally acute eyesight.
You are a herbivore.
You cover ground extremely quickly.
You need consume almost no food.


Message History

w - Wait here. f - Follow me.
Anything else - Stay silent (and be thought a fool).
Gang up on whom?
Press: ? - help, Dir - move target cursor, f - ice statue
Aim: an ice statue (almost destroyed) Attack!
Your polar bear is engulfed in freezing vapours.
Drink which item? (? for menu, Esc to quit)
You feel much better. The ice statue throws ice at you.
The shard of ice misses you. The ice statue throws cold at you.
The freezing blast hits you!
You are engulfed in freezing vapours.
You are engulfed in freezing vapours.
* * * LOW HITPOINT WARNING * * *
The ice statue throws cold at you. The freezing blast hits you!
You die...
Your body disappears without a glow.

#...## ##...###
##....# ##..#
##..## #..###
####..#.###
###8...U.#8I#
###....§@..U.#
#......§§§..I##
.......§§§§§...#
..#....§§§....#
§ ##..§§§§....#
##§§§§§...##
#####§...#
######


You could see 2 ice statues, 2 ice beasts and 2 friendly polar bears.

Vanquished Creatures
  Maud (Lair:5)
  2 hydras
  A catoblepas (Lair:5)
  An unseen horror (D:11)
  4 orc knights (D:10)
  A hill giant (D:10)
  An orc sorcerer (D:10)
  5 black mambas
  Maurice (D:9)
  8 spiny frogs
  Psyche (D:9)
  The ghost of patman the Slasher, an experienced DsGl (D:7)
  2 fire drakes
  A komodo dragon (Lair:4)
  4 trolls
  A hydra skeleton (D:11)
  8 blink frogs
  An elephant slug (Lair:6)
  Eustachio (D:6)
  52 yaks
  A hill giant zombie (D:10)
  A fire elemental (Snake:1)
  8 hippogriffs
  A wraith (D:10)
  A steam dragon (D:8)
  3 hungry ghosts
  A wyvern (D:10)
  4 manticores
  3 swamp worms (Lair:4)
  A mottled dragon (Volcano)
  A hell hound (Volcano)
  4 porcupines
  16 ice beasts
  A naga (Lair:4)
  2 sky beasts
  A phantom (D:11)
  8 ogres
  6 orc warriors
  7 centaurs
  14 wargs
  A boring beetle (Lair:4)
  10 crocodiles
  3 giant slugs
  8 water moccasins
  2 big kobolds
  6 giant frogs
  4 agate snails
  A manticore zombie (D:10)
  An eye of draining (D:10)
  A manticore skeleton (D:9)
  9 wights
  6 killer bees (D:9)
  13 lava fish (Volcano)
  3 fire bats (Volcano)
  An electric eel (Lair:4)
  2 goliath beetles
  3 big fish (Lair:4)
  3 lava snakes (Volcano)
  4 crimson imps
  Crazy Yiuf (D:2)
  3 scorpions
  7 hounds
  8 orc priests
  7 iguanas
  15 sheep
  10 orc wizards
  6 worker ants
  Ijyb (D:2)
  Jessica (D:2)
  A sky beast zombie (D:11)
  2 jellies
  A mummy (D:11)
  A hound skeleton (D:8)
  49 green rats
  5 gnolls
  17 adders
  A worm zombie (D:4)
  A giant centipede (Lair:5)
  3 white imps (IceCv)
  6 giant mites
  6 worms
  An ufetubus (IceCv)
  A giant centipede zombie (D:10)
  2 giant eyeballs
  7 giant geckos
  An ooze (D:2)
  74 orcs
  A ball python (Snake:1)
  27 bats
  7 giant cockroaches
  16 goblins
  16 hobgoblins
  25 jackals
  12 quokkas
  3 giant newts
  3 giant spores (D:9)
  A hobgoblin zombie (D:7)
  22 kobolds
  A kobold skeleton (D:4)
  A kobold zombie (D:6)
  An orc skeleton (D:8)
  An orc zombie (D:10)
  20 rats
  A rat zombie (D:7)
  19 ballistomycetes
  3 fungi
680 creatures vanquished.

Vanquished Creatures (collateral kills)
  An ice beast (IceCv)
  A hound (D:9)
2 creatures vanquished.

Vanquished Creatures (others)
  A two-headed ogre (D:11)
  3 wargs (D:10)
  4 white imps (IceCv)
  6 ufetubi (IceCv)
  2 orcs (D:10)
  A kobold (D:10)
  6 giant spores
  6 ballistomycetes
  3 fungi
  A plant (Lair:4)
33 creatures vanquished.

Grand Total: 715 creatures vanquished

Notes
Turn   | Place    | Note
--------------------------------------------------------------
     0 | D:1      | JulietteNo, the Spriggan Enchanter, began the quest for the Orb.
     0 | D:1      | Reached XP level 1. HP: 9/9 MP: 4/4
    15 | D:1      | Reached XP level 2. HP: 13/13 MP: 6/6
  1073 | D:2      | Reached XP level 3. HP: 6/16 MP: 9/9
  1105 | D:2      | Reached skill level 5 in Short Blades
  1105 | D:2      | Reached skill level 7 in Stealth
  1105 | D:2      | Reached skill level 8 in Spellcasting
  1105 | D:2      | Reached XP level 4. HP: 2/21 MP: 8/18
  1274 | D:2      | Noticed Ijyb
  1278 | D:2      | Killed Ijyb
  1283 | D:2      | Learned a level 3 spell: Confuse
  1286 | D:2      | Learned a level 2 spell: Ensorcelled Hibernation
  1289 | D:2      | Learned a level 2 spell: Sure Blade
  1900 | D:2      | Noticed Jessica
  1906 | D:2      | Killed Jessica
  1971 | D:2      | Noticed Crazy Yiuf
  1979 | D:2      | Killed Crazy Yiuf
  1979 | D:2      | Reached XP level 5. HP: 24/24 MP: 20/20
  2057 | D:3      | Found a glowing silver altar of Zin.
  3514 | D:4      | Reached skill level 5 in Dodging
  3741 | D:4      | Reached XP level 6. HP: 23/28 MP: 22/22
  4541 | D:5      | Entered Level 5 of the Dungeon
  4621 | D:5      | Found a staircase to the Ecumenical Temple.
  4643 | Temple   | Entered the Ecumenical Temple
  5134 | Temple   | Became a worshipper of Nemelex Xobeh
  5189 | D:5      | Received a gift from Nemelex Xobeh
  5196 | D:5      | Found a white marble altar of Elyvilon.
  5799 | D:6      | Reached XP level 7. HP: 32/32 MP: 24/24
  5954 | D:6      | Acquired Nemelex Xobeh's first power
  6260 | D:6      | Received a gift from Nemelex Xobeh
  6289 | D:6      | Noticed Eustachio
  6296 | D:6      | Killed Eustachio
  6439 | D:7      | Got a smoking sling
  6440 | D:7      | Identified the sling "Gotrore" {flame, Str+3} (You found it on level 7 of the Dungeon)
  6518 | D:7      | Noticed patman's ghost (experienced DsGl)
  6744 | D:7      | Reached XP level 8. HP: 34/36 MP: 24/26
  6797 | D:7      | Reached skill level 9 in Spellcasting
  6852 | D:7      | Acquired Nemelex Xobeh's second power
  7662 | D:8      | Found a radiant altar of Vehumet.
  8027 | D:8      | Reached skill level 10 in Spellcasting
  8393 | D:8      | Learned a level 6 spell: Invisibility
  8709 | D:9      | Reached XP level 9. HP: 34/39 MP: 23/29
  8727 | D:9      | Reached skill level 5 in Slings
  8999 | D:9      | Noticed Psyche
  9293 | D:9      | Received a gift from Nemelex Xobeh
  9396 | D:9      | Killed Psyche
  9428 | D:9      | Noticed a wizard statue
  9631 | D:9      | Acquired Nemelex Xobeh's third power
  9738 | D:9      | Reached XP level 10. HP: 44/44 MP: 24/30
  9758 | D:9      | Found a staircase to the Lair.
  9759 | D:9      | Noticed Maurice
 10136 | D:9      | Killed Maurice
 10175 | Lair:1   | Entered Level 1 of the Lair of Beasts
 10214 | Lair:1   | Reached skill level 10 in Hexes
 10607 | Lair:1   | Reached skill level 11 in Hexes
 10612 | Lair:1   | Reached skill level 1 in Fighting
 10924 | Lair:1   | Acquired Nemelex Xobeh's fourth power
 11264 | Lair:1   | Received a gift from Nemelex Xobeh
 11864 | Lair:2   | Reached XP level 11. HP: 47/51 MP: 25/32
 11867 | Lair:2   | Reached skill level 1 in Evocations
 11873 | Lair:2   | Received a gift from Nemelex Xobeh
 12106 | Lair:2   | Learned a level 3 spell: Flight
 12114 | Lair:2   | Found a dark tunnel.
 12119 | Volcano  | Entered a volcano
 12255 | Volcano  | Reached skill level 5 in Evocations
 12455 | Volcano  | Found a radiant altar of Vehumet.
 12543 | Volcano  | Found a radiant altar of Vehumet.
 12954 | Lair:2   | Reached skill level 10 in Stealth
 13725 | Lair:3   | Acquired Nemelex Xobeh's fifth power
 14325 | Lair:4   | Found a staircase to the Snake Pit.
 14360 | Lair:4   | Received a gift from Nemelex Xobeh
 14472 | Snake:1  | Entered Level 1 of the Snake Pit
 14540 | Snake:1  | Noticed Azrael
 14544 | Snake:1  | Reached skill level 12 in Spellcasting
 15089 | Lair:4   | Reached skill level 13 in Spellcasting
 15715 | Lair:4   | Learned a level 6 spell: Mass Confusion
 15721 | Lair:4   | Learned a level 5 spell: Phase Shift
 16244 | Lair:4   | Reached XP level 12. HP: 34/56 MP: 21/35
 16598 | Lair:4   | Reached skill level 14 in Spellcasting
 16611 | Lair:4   | Found a staircase to the Swamp.
 16626 | Lair:4   | Received a gift from Nemelex Xobeh
 17585 | Lair:5   | Reached skill level 15 in Spellcasting
 17743 | Lair:5   | Noticed Maud
 18255 | Lair:5   | Received a gift from Nemelex Xobeh
 18349 | Lair:5   | Killed Maud
 18673 | Lair:6   | Reached skill level 16 in Spellcasting
 18702 | Lair:6   | Received a gift from Nemelex Xobeh
 18811 | Lair:6   | Noticed a five-headed hydra
 18817 | Lair:6   | Killed a five-headed hydra
 19010 | Lair:6   | Learned a level 1 spell: Apportation
 19024 | Lair:6   | Learned a level 2 spell: Shroud of Golubria
 19027 | Lair:6   | Learned a level 2 spell: Blink
 20037 | Lair:1   | Noticed a five-headed hydra
 20043 | Lair:1   | Killed a five-headed hydra
 20118 | D:9      | Reached skill level 17 in Spellcasting
 20131 | D:9      | Reached skill level 1 in Armour
 20135 | D:9      | Received a gift from Nemelex Xobeh
 21192 | D:7      | Killed patman's ghost
 21359 | D:10     | Entered Level 10 of the Dungeon
 21644 | D:10     | Reached XP level 13. HP: 59/59 MP: 32/37
 22576 | D:10     | Found a portal to a secret trove of treasure.
 23171 | D:10     | Received a gift from Nemelex Xobeh
 23835 | D:10     | Reached skill level 5 in Fighting
 24422 | D:10     | Received a gift from Nemelex Xobeh
 24562 | Lair:2   | Upgraded the game from 0.13-a0-2600-g811f1de to 0.13-a0-2606-g170388b
 24641 | D:11     | Found a staircase to the Orcish Mines.
 24920 | D:11     | Learned a level 2 spell: Lethal Infusion
 25517 | D:11     | Received a gift from Nemelex Xobeh
 25819 | D:11     | Found a roughly hewn altar of Beogh.
 26020 | Orc:1    | Entered Level 1 of the Orcish Mines
 26020 | Orc:1    | Found Fuahuoj's Antique Weapon Shoppe.
 26550 | Orc:1    | Received a gift from Nemelex Xobeh
 26792 | Orc:2    | Found a shimmering altar of Xom.
 27140 | Orc:2    | Found a frozen archway.
 27158 | IceCv    | Entered an ice cave
 28798 | IceCv    | Received a gift from Nemelex Xobeh
 28809 | IceCv    | Killed from afar by an ice statue

Action                   |  1- 3 |  4- 6 |  7- 9 | 10-12 | 13-15 || total
-------------------------+-------+-------+-------+-------+-------++-------
Melee: Dagger            |    99 |   296 |   246 |   575 |   346 ||  1562
       Short sword       |       |       |     7 |       |    39 ||    46
       Unarmed           |       |       |    13 |       |       ||    13
 Fire: Sling             |       |       |     1 |    18 |    28 ||    47
 Cast: Sure Blade        |       |     4 |       |     4 |       ||     8
       Ensorcelled Hiber |       |    19 |    73 |   391 |   193 ||   676
       Confuse           |       |       |       |    28 |    59 ||    87
       Flight            |       |       |       |     3 |       ||     3
       Apportation       |       |       |       |    15 |     5 ||    20
Invok: Draw One          |       |       |     1 |     8 |     9 ||    18
 Abil: Evoke Teleport Co |       |       |       |       |     1 ||     1
Evoke: Deck              |       |       |       |     3 |       ||     3
       Wand              |       |       |       |       |     1 ||     1
  Use: Potion            |     2 |     1 |       |     2 |     1 ||     6
       Scroll            |       |       |     6 |    20 |    11 ||    37
 Stab: Distracted        |     1 |     1 |     1 |     1 |     4 ||     8
       Sleeping          |       |    36 |    62 |   263 |   136 ||   497
       Confused          |       |       |       |     6 |    26 ||    32
